 Dungeon Crawl Stone Soup version 0.32-a0-312-g1d7162e751 (webtiles) character file.

Game seed: 6944534301109938143

11599 Gargoyl the Cleaver (level 11, -7/103 HPs)
             Began as a Gargoyle Berserker on Feb 15, 2024.
             Was a Priest of Trog.
             Mangled by a troll (12 damage)
             ... on level 11 of the Dungeon.
             The game lasted 00:14:44 (9770 turns).

Gargoyl the Cleaver (Gargoyle Berserker)            Turns: 9770, Time: 00:14:45

Health: -7/103     AC: 25    Str: 22    XL:     11   Next: 80%
Magic:  0/20       EV:  2    Int:  7    God:    Trog [***...]
Gold:   837        SH:  5    Dex: 13    Spells: 10/10 levels left

rFire   . . .        e - +7 war axe (heavy)
rCold   . . .        q - +0 buckler
rNeg    + . .        o - melded +1 steam dragon scales
rPois   ∞            j - melded +1 helmet
rElec   .            d - melded +2 cloak
rCorr   .            (gloves currently unavailable)
SInv    .            h - melded +2 pair of boots
Will    ++...        u - amulet of guardian spirit
Stlth   ++           A - ring of magical power
HPRegen 1.37/turn    (no ring)
MPRegen 0.17/turn

%: guardian spirit
@: tree-form, strong-willed, on berserk cooldown, regenerating, slowed, studying
Staves, very slow
A: stationary, stasis, torment immunity, boosted hp, sickness immunity, AC +8,
negative energy resistance 1, (electricity resistance), torment resistance 1,
petrification resistance, (talons 1), (cold vulnerability 1), (heat
vulnerability 1)
a: Renounce Religion, Berserk, Trog's Hand


You were on level 11 of the Dungeon.
You worshipped Trog.
Trog was most pleased with you.
You were a tree.
You visited 1 branch of the dungeon, and saw 11 of its levels.
You also visited: Sewer.

You collected 837 gold pieces.

Inventory:

Hand Weapons
 a - a +0 hand axe
 e - a +7 heavy war axe (weapon)
Missiles
 g - 70 poisoned darts (quivered)
Armour
 d - a +2 cloak (melded)
 h - a +2 pair of boots (melded)
 j - a +1 helmet (melded)
 o - +1 steam dragon scales (melded)
 q - a +0 buckler (worn)
Jewellery
 u - an amulet of guardian spirit (around neck)
 A - a ring of magical power (left branch)
Wands
 r - a wand of polymorph (8)
 t - a wand of light (13)
 D - a wand of charming (5)
Scrolls
 c - 3 scrolls of fog
 n - 3 scrolls of immolation
 w - a scroll of silence
 x - 3 scrolls of fear
 y - a scroll of teleportation
Potions
 b - 3 potions of haste
 f - 4 potions of might
 i - a potion of mutation
 k - a potion of brilliance
 l - a potion of cancellation
 m - 2 potions of curing
 p - 5 potions of magic
 s - a potion of lignification
 C - a potion of enlightenment


   Skills:
 + Level 8.9 Fighting
 + Level 12.2 Axes
 + Level 6.9 Armour
 + Level 6.6 Dodging
 + Level 3.0 Stealth
 + Level 3.8 Shields


You had 10 spell levels left.
You didn't know any spells.
Your spell library was empty.

Dungeon Overview and Level Annotations

Branches:
Dungeon (11/15)            Temple (0/1) D:6             Orc (0/2) D:10
  Sewer (visited)
   Lair: D:8-11

Altars:
Qazlal
Uskayaw
Vehumet
Wu Jian
Xom
Zin

Shops:
D:6 :

Annotations:
D:8 2 transporters
D:11 Snorg


Innate Abilities, Weirdness & Mutations

You are a tree.
Your roots penetrate the ground, keeping you stationary.
You cannot be teleported.
You are immune to unholy pain and torment.
Your maximum health is greatly increased.
Your equipment is partially melded.
You are immune to sickness and miasma.
((Your stone body is resilient. (AC +8)))
You are immune to poison.
You resist negative energy. (rN+)
((You are resistant to electric shocks. (rElec)))
You are resistant to unholy torment.
You are immune to petrification.
((You have sharp toenails.))
((You are vulnerable to cold. (rC-)))
((You are vulnerable to heat. (rF-)))


Message History

The ice beast hits you but does no damage.
It was a potion of heal wounds.
You feel much better. The troll bites you but does no damage.
The troll claws you. The troll claws you but does no damage.
The ice beast hits you but does no damage.
You slice the troll!!
The troll is severely wounded.
You slash the ice beast!
Your skin stops crawling.
You feel less strong-willed. The ice beast hits you. The ice beast freezes you!
You block the troll's attack. The troll claws you. The troll barely misses you.
The ice beast hits you but does no damage.
The troll bites you! The troll claws you. You block the troll's attack.
You closely miss the troll.
The troll is severely wounded.
You barely miss the ice beast. You block the ice beast's attack.
The troll bites you but does no damage. The troll completely misses you.
The troll claws you.
* * * LOW HITPOINT WARNING * * *
The ice beast completely misses you. The troll bites you.
* * * LOW HITPOINT WARNING * * *
The troll claws you but does no damage. x2
Your skin crawls.
You feel strong-willed. The ice beast completely misses you.
The troll bites you!
* * * LOW HITPOINT WARNING * * *
The troll claws you but does no damage. x2; The ice beast barely misses you.
The troll bites you but does no damage. You block the troll's attack.
The troll claws you but does no damage.
You slash the troll!
The troll is almost dead.
You slash the ice beast!
The ice beast hits you but does no damage.
The troll bites you but does no damage. The troll claws you.
* * * LOW HITPOINT WARNING * * *
The troll claws you!
* * * LOW HITPOINT WARNING * * *
The ice beast hits you but does no damage.
The troll bites you!
You die...

#######+######
#............#
#............#
#............#
#.....Y.T!...+
'......♣.....#
#............#
......
#............#
.#...##
###..#########
...... ##.
....~ .
....#### .
..#....# #.
.#.....#


You could see a troll and an ice beast.

Vanquished Creatures
  3 two-headed ogres
  Pikel (D:7)
  A cyclops (D:11)
  An ugly thing (D:10)
  Maurice (D:7)
  Maggie (D:6)
  A rime drake (D:11)
  Psyche (D:8)
  A troll (D:9)
  2 wyverns
  11 yaks
  A warg (D:10)
  A steam dragon (D:8)
  Menkaure (D:6)
  A vampire mosquito (D:10)
  3 acid dragons
  An orc warrior (D:10)
  A sky beast (D:8)
  2 black bears (D:5)
  4 ice beasts
  2 wolves
  5 centaurs
  A lemure (D:7)
  6 kobold brigands
  4 bullfrogs
  A gnoll sergeant (D:7)
  2 scorpions
  7 killer bees
  A howler monkey (D:6)
  3 bombardier beetles
  A crimson imp (D:6)
  5 hounds
  9 orc priests
  3 sleepcaps
  A gnoll bouda (D:5)
  4 iguanas
  15 orc wizards
  10 adders
  6 gnolls
  3 river rats (Sewer)
  6 white imps
  2 ufetubi (D:5)
  5 ribbon worms
  3 dart slugs
  30 orcs
  7 bats
  4 endoplasms
  A giant cockroach (D:2)
  5 goblins (D:4)
  5 hobgoblins
  8 jackals
  4 quokkas
  14 ball pythons
  5 frilled lizards
  29 kobolds
  23 rats
279 creatures vanquished.

Vanquished Creatures (collateral kills)
  A hornet (D:9)
  A yak (D:10)
  A bullfrog (D:9)
  An orc priest (D:6)
  An orc wizard (D:6)
  A gnoll (D:10)
  2 orcs
  A kobold (D:9)
9 creatures vanquished.

Grand Total: 288 creatures vanquished

Notes
Turn   | Place    | Note
-------+----------+-------------------------------------------
     0 | D:1      | Gargoyl the Gargoyle Berserker began the quest for the Orb.
     0 | D:1      | Reached XP level 1. HP: 14/14 MP: 1/1
   138 | D:1      | Reached XP level 2. HP: 15/19 MP: 2/2
   139 | D:1      | Reached skill level 3 in Axes
   619 | D:1      | Reached XP level 3. HP: 22/24 MP: 3/3
   766 | D:2      | Identified a scroll of acquirement
   766 | D:2      | Acquired a +3 heavy war axe
  1298 | D:2      | Reached XP level 4. HP: 29/29 MP: 4/4
  1413 | D:2      | Gained mutation: You are vulnerable to cold. (rC-) [potion
                  | of mutation]
  1413 | D:2      | Gained mutation: You are vulnerable to heat. (rF-) [potion
                  | of mutation]
  1413 | D:2      | Gained mutation: You have sharp toenails. [potion of
                  | mutation]
  1581 | D:3      | Reached ** piety under Trog
  1700 | D:3      | Reached XP level 5. HP: 29/33 MP: 5/5
  1705 | D:3      | Reached skill level 4 in Axes
  2603 | D:4      | Reached XP level 6. HP: 39/39 MP: 6/6
  2707 | D:4      | Reached skill level 5 in Fighting
  3490 | D:5      | Entered Level 5 of the Dungeon
  3495 | D:5      | Reached skill level 5 in Axes
  3511 | D:5      | Reached XP level 7. HP: 44/44 MP: 7/7
  3770 | D:5      | Reached *** piety under Trog
  3812 | D:5      | Reached skill level 6 in Axes
  3904 | D:5      | Reached XP level 8. HP: 50/50 MP: 8/8
  4074 | D:5      | Found a glowing drain.
  4088 | Sewer    | Entered a sewer
  4112 | Sewer    | Reached skill level 7 in Axes
  4318 | Sewer    | Reached skill level 5 in Armour
  4318 | Sewer    | Reached **** piety under Trog
  4768 | D:6      | Found a staircase to the Ecumenical Temple.
  4835 | D:6      | Noticed Maggie
  4849 | D:6      | Killed Maggie
  4850 | D:6      | Reached XP level 9. HP: 30/56 MP: 9/9
  4850 | D:6      | Noticed Menkaure
  4856 | D:6      | Killed Menkaure
  4857 | D:6      | Reached skill level 8 in Axes
  4961 | D:6      | Found Ustek's Book Shoppe.
  5447 | D:6      | Found a hide-covered altar of Uskayaw.
  5520 | D:6      | Reached skill level 1 in Stealth
  5750 | D:7      | Found a glowing silver altar of Zin.
  5870 | D:7      | Noticed Maurice
  5897 | D:7      | Something stole a +0 hand axe
  5898 | D:7      | Something stole 24 poisoned darts
  5900 | D:7      | Something stole an amulet of guardian spirit
  5928 | D:7      | Something stole 84 gold
  5933 | D:7      | Something stole 378 gold
  5969 | D:7      | Killed Maurice
  5970 | D:7      | Reached skill level 9 in Axes
  5970 | D:7      | Reached skill level 1 in Shields
  6393 | D:7      | Found an ornate altar of the Wu Jian Council.
  6702 | D:7      | Noticed Pikel
  6707 | D:7      | Killed Pikel
  6708 | D:7      | Reached XP level 10. HP: 57/63 MP: 10/10
  7071 | D:8      | Reached skill level 10 in Axes
  7188 | D:8      | Found a transporter.
  7214 | D:8      | Found a transporter.
  7372 | D:8      | Noticed Psyche
  7378 | D:8      | Killed Psyche
  7449 | D:8      | Found a shimmering altar of Xom.
  7453 | D:8      | Found a radiant altar of Vehumet.
  7559 | D:8      | Noticed a two-headed ogre
  7566 | D:8      | Killed a two-headed ogre
  7822 | D:8      | Found a transporter.
  7825 | D:8      | Found a transporter.
  8057 | D:9      | Reached skill level 11 in Axes
  8179 | D:9      | Found a stormy altar of Qazlal.
  8258 | D:9      | Reached skill level 5 in Dodging
  8261 | D:9      | Reached XP level 11. HP: 41/68 MP: 11/11
  8600 | D:10     | Entered Level 10 of the Dungeon
  8650 | D:10     | Found a staircase to the Orcish Mines.
  8942 | D:10     | Noticed a red ugly thing
  8943 | D:10     | Noticed a two-headed ogre
  8950 | D:10     | Killed a two-headed ogre
  8950 | D:10     | Killed a red ugly thing
  9263 | D:10     | Noticed a two-headed ogre
  9280 | D:10     | Killed a two-headed ogre
  9281 | D:10     | Reached skill level 12 in Axes
  9534 | D:11     | Noticed a cyclops
  9538 | D:11     | Killed a cyclops
  9745 | D:11     | Noticed a boulder beetle
  9751 | D:11     | Noticed Snorg
  9770 | D:11     | HP: 5/103 [troll (10)]
  9770 | D:11     | Mangled by a troll

Illustrated notes

Levels and vault maps discovered:
D:1:      dpeg_arrival_round_a, layout_loops_ring
D:2:      layout_basic, chequers_serial_rivers_room_a
D:3:      minmay_general_purpose_star, layout_loops_ring, grunt_ministairs_12,
          minmay_distorted
D:4:      layout_basic
D:5:      layout_gridville, portal_sewer_entry_d, corexii_leaking_fountain
D:6:      layout_basic, mainiacjoe_overflow_alcove_2, minmay_temple_entry_glass,
          serial_shops, nicolae_shop_back_alley_shop,
          hangedman_decor_diamond_cutter, minmay_fire_ice_demons, uniq_menkaure,
          uniq_maggie
D:7:      layout_basic, lemuel_coloured_pillars_altar, zin_academy,
          grunt_ministairs_13, uniq_pikel, uniq_maurice
D:8:      layout_loops_ring, minitemple, st_stairs_13,
          nicolae_diode_intersection, uniq_psyche
D:9:      layout_cave_pools, nicolae_overflow_crystal_walls,
          serial_column_ruins, column_ruins_grid_3, column_ruins_columns_T,
          column_ruins_columns_corner, column_ruins_columns_dead_end,
          column_ruins_columns_straight, column_ruins_grid_2
D:10:     layout_loops_ring, erik_orc_4, serial_rivers,
          chequers_serial_rivers_micro_c, chequers_serial_rivers_large_b,
          chequers_serial_rivers_small_3, chequers_serial_rivers_marsh,
          minivault_23, lightli_fourway_metalbox
D:11:     layout_roguey, hellmonk_lair_entry_icy, uniq_snorg

Skill      XL: |  1  2  3  4  5  6  7  8  9 10 11 |
---------------+----------------------------------+-----
Axes           | 3 4 5 6 7 9 11 12 | 12.2
Fighting       | 4 5 6 7 8 |  8.9
Dodging        | 2 3 5 6 |  6.6
Armour         | 3 4 6 |  6.9
Stealth        | 1 2 3 |  3.0
Shields        | 1 3 |  3.8

Action                     |  1- 3 |  4- 6 |  7- 9 | 10-12 || total
---------------------------+-------+-------+-------+-------++-------
  Melee: Hand axe          |    27 |       |       |       ||    27
         War axe           |    20 |   132 |   192 |   172 ||   516
         Kick              |       |     5 |       |       ||     5
 Invoke: Berserk           |     1 |     2 |     7 |     8 ||    18
         Trog's Hand       |       |     1 |     5 |     6 ||    12
         Brothers in Arms  |       |       |     2 |     2 ||     4
    Use: Scroll            |     7 |     7 |     4 |    11 ||    29
         Potion            |       |     1 |       |     5 ||     6
 Armour: Animal skin       |    31 |    37 |       |       ||    68
         Ring mail         |       |    40 |       |       ||    40
         Chain mail        |       |   103 |   158 |       ||   261
         Steam dragon scal |       |       |    83 |   240 ||   323
         Skin              |       |       |       |    32 ||    32
  Dodge: Dodged            |    40 |   157 |   134 |   220 ||   551
  Block: Buckler           |       |       |    20 |    70 ||    90

Table legend: (Time is in decaauts)
 A = Elapsed time spent in this place.
 B = Non-inter-level travel time spent in this place.
 C = Inter-level travel time spent in this place.
 D = Time resting spent in this place.
 E = Time spent auto-exploring this place.
 F = Levels seen in this place.
 G = Mean time per level.
                   A        B        C        D        E       F      G
               +--------+--------+--------+--------+--------+-----+--------+
         Total |  10374 |  10006 |    368 |    372 |   7269 |  12 |  864.5 |
       Dungeon |  10033 |   9665 |    368 |    372 |   7134 |  11 |  912.1 |
         Sewer |    340 |    340 |      0 |      0 |    134 |   1 |  340.0 |
               +--------+--------+--------+--------+--------+-----+--------+

Top non-repeatable levels by time:
     D:7: 1321 daAuts
     D:4: 1106 daAuts
     D:5: 1082 daAuts
    D:10: 1062 daAuts
     D:8: 1061 daAuts
     D:6: 1020 daAuts
     D:3: 929 daAuts
     D:2: 839 daAuts
     D:1: 772 daAuts
     D:9: 635 daAuts
   Sewer: 340 daAuts
    D:11: 203 daAuts
